NYP
LOS ANGELES (NYP) ANGELS @ EVERETT AQUASOX
09/10/2047
 
TOP OF THE 1ST
Los Angeles (NYP) Angels batting - Pitching for Everett AquaSox : RHP Trevor Jacobsen
Pitching: RHP Trevor Jacobsen
Batting: RHB T.J. Gray 0-0: Ball
1-0: Called Strike
1-1: Foul Ball, location: 2F
1-2: Ball
2-2: Ground out 1-3 (Groundball, 34S, EV 66.2 MPH)
Batting: LHB Mutsuo IIda 0-0: Swinging Strike
0-1: Foul Ball, location: 2F
0-2: Ball
1-2: Foul Ball, location: 2F
1-2: Foul Ball, location: 2F
1-2: Ball
2-2: Ball
3-2: SINGLE (Line Drive, 56, EV 93.8 MPH)
Batting: RHB Juan Montez 0-0: Fly out, F9 (Flyball, 89S, EV 78.1 MPH)
Batting: LHB Matthew Bale 0-0: Called Strike
0-1: Ball
1-1: Foul Ball, location: 2F
1-2: Foul Ball, location: 2F
1-2: Strikes out looking
Top of the 1st over - 0 runs, 1 hit, 0 errors, 1 left on base; Los Angeles (NYP) 0 - Everett 0
BOTTOM OF THE 1ST
Everett AquaSox batting - Pitching for Los Angeles (NYP) Angels : RHP Tim Mumpower
Pitching: RHP Tim Mumpower
Batting: RHB Tomokazu Sugimoto 0-0: Swinging Strike
0-1: Swinging Strike
0-2: Ball
1-2: SINGLE (Line Drive, 4M, EV 95.6 MPH)
Batting: LHB Addisu Nyamekye 0-0: Called Strike
0-1: Ball
Passed Ball!
Tomokazu Sugimoto to second
1-1: Ball
2-1: 2-RUN HOME RUN (Flyball, 89XD, EV 105.0 MPH), Distance : 408 ft
Batting: RHB Chris Skaff 0-0: Ground out 4-3 (Groundball, 4, EV 87.5 MPH)
Batting: LHB Chris Jackson 0-0: Called Strike
0-1: Swinging Strike
0-2: Foul Ball, location: 2F
0-2: Ball
1-2: Strikes out swinging
Batting: RHB Eddie Luna 0-0: Foul Ball, location: 2F
0-1: Ball
1-1: Ball
2-1: Foul Ball, location: 2F
2-2: Ball
3-2: Base on Balls
Batting: LHB Ryan Daniels 0-0: Ball
1-0: Ball
Eddie Luna steals 2nd, throwing error, E2
Eddie Luna to third
2-0: Ground out U3 (Groundball, 3, EV 92.5 MPH)
Bottom of the 1st over - 2 runs, 2 hits, 1 error, 1 left on base; Los Angeles (NYP) 0 - Everett 2
TOP OF THE 2ND
Los Angeles (NYP) Angels batting - Pitching for Everett AquaSox : RHP Trevor Jacobsen
Batting: RHB Dean LeCroy 0-0: Ball
1-0: Ball
2-0: Called Strike
2-1: SOLO HOME RUN (Flyball, 78XD, EV 103.1 MPH), Distance : 397 ft
Batting: RHB Wilford Harper 0-0: Swinging Strike
0-1: Ball
1-1: Called Strike
1-2: Fly out, F8 (Flyball, 8LM, EV 86.9 MPH)
Batting: RHB Phil Knox 0-0: Ball
1-0: Foul Ball, location: 2F
1-1: Ground out 5-3 (Groundball, 56S, EV 81.2 MPH)
Batting: RHB David Rhodes 0-0: Ball
1-0: Ball
2-0: Called Strike
2-1: Called Strike
2-2: Strikes out swinging
Top of the 2nd over - 1 run, 1 hit, 0 errors, 0 left on base; Los Angeles (NYP) 1 - Everett 2
BOTTOM OF THE 2ND
Everett AquaSox batting - Pitching for Los Angeles (NYP) Angels : RHP Tim Mumpower
Batting: SHB Tony Morales 0-0: Ball
1-0: Ball
2-0: Ball
3-0: Called Strike
3-1: Called Strike
3-2: Strikes out swinging
Batting: RHB Richie Schraven 0-0: Ball
1-0: Called Strike
1-1: Swinging Strike
1-2: Foul Ball, location: 2F
1-2: Strikes out swinging, 2-3 out at first.
Batting: RHB Josh Carpenter 0-0: Ball
1-0: Ball
2-0: Called Strike
2-1: Ball
3-1: Swinging Strike
3-2: Strikes out swinging
Bottom of the 2nd over - 0 runs, 0 hits, 0 errors, 0 left on base; Los Angeles (NYP) 1 - Everett 2
TOP OF THE 3RD
Los Angeles (NYP) Angels batting - Pitching for Everett AquaSox : RHP Trevor Jacobsen
Batting: RHB Ron Major 0-0: Ball
1-0: Called Strike
1-1: Swinging Strike
1-2: Reached on error, E6 (Groundball, 6, EV 105.0 MPH)
Batting: RHB T.J. Gray 0-0: Called Strike
0-1: Fly out, F8 (Flyball, 8RM, EV 89.4 MPH)
Batting: LHB Mutsuo IIda 0-0: Ball
1-0: Foul Ball, location: 2F
1-1: Swinging Strike
1-2: Ball
2-2: Foul Ball, location: 2F
2-2: Strikes out swinging
Batting: RHB Juan Montez 0-0: Ground out 5-3 (Groundball, 5, EV 101.2 MPH)
Top of the 3rd over - 0 runs, 0 hits, 1 error, 1 left on base; Los Angeles (NYP) 1 - Everett 2
BOTTOM OF THE 3RD
Everett AquaSox batting - Pitching for Los Angeles (NYP) Angels : RHP Tim Mumpower
Batting: RHB Tomokazu Sugimoto 0-0: Foul Ball, location: 2F
0-1: Swinging Strike
0-2: Ball
1-2: Foul Ball, location: 2F
1-2: Ball
2-2: Ground out 6-3 (Groundball, 6, EV 100.0 MPH)
Batting: LHB Addisu Nyamekye 0-0: Called Strike
0-1: Swinging Strike
0-2: Ball
1-2: Hit by Pitch
Batting: RHB Chris Skaff 0-0: Called Strike
0-1: Ball
1-1: Swinging Strike
1-2: Ball
2-2: Ball
3-2: Base on Balls
Addisu Nyamekye to second
Batting: LHB Chris Jackson 0-0: Swinging Strike
0-1: Called Strike
0-2: Foul Ball, location: 2F
0-2: Ball
1-2: Strikes out swinging
Batting: RHB Eddie Luna 0-0: Swinging Strike
0-1: Foul Ball, location: 2F
0-2: Ball
1-2: Ball
2-2: SINGLE (Groundball, 13S, EV 71.9 MPH) (infield hit)
Addisu Nyamekye to third
Chris Skaff to second
Batting: LHB Ryan Daniels 0-0: SINGLE (Groundball, 4, EV 97.5 MPH)
Addisu Nyamekye scores
Chris Skaff to third
Eddie Luna to second
Throwing error, E8
Chris Skaff scores
Eddie Luna to third
Ryan Daniels to second
Batting: SHB Tony Morales 0-0: Foul Ball, location: 2F
0-1: Foul Ball, location: 2F
0-2: Ball
1-2: Ball
2-2: Fly out, F9 (Flyball, 9, EV 90.0 MPH)
Bottom of the 3rd over - 2 runs, 2 hits, 1 error, 2 left on base; Los Angeles (NYP) 1 - Everett 4
TOP OF THE 4TH
Los Angeles (NYP) Angels batting - Pitching for Everett AquaSox : RHP Trevor Jacobsen
Batting: LHB Matthew Bale 0-0: Ball
1-0: Foul Ball, location: 2F
1-1: SINGLE (Groundball, 4M, EV 82.5 MPH) (infield hit)
Batting: RHB Dean LeCroy 0-0: Called Strike
0-1: Ball
1-1: Ball
2-1: Called Strike
2-2: Ball
3-2: Grounds into double play, 5-4-3 (Groundball, 56, EV 91.9 MPH)
Batting: RHB Wilford Harper 0-0: Ground out 6-3 (Groundball, 6, EV 81.9 MPH)
Top of the 4th over - 0 runs, 1 hit, 0 errors, 0 left on base; Los Angeles (NYP) 1 - Everett 4
BOTTOM OF THE 4TH
Everett AquaSox batting - Pitching for Los Angeles (NYP) Angels : RHP Tim Mumpower
Batting: RHB Richie Schraven 0-0: Called Strike
0-1: Ball
1-1: Swinging Strike
1-2: Strikes out swinging
Batting: RHB Josh Carpenter 0-0: Foul Ball, location: 2F
0-1: Foul Ball, location: 2F
0-2: Strikes out swinging
Batting: RHB Tomokazu Sugimoto 0-0: Ball
1-0: Ball
2-0: Ball
3-0: Base on Balls
Batting: LHB Addisu Nyamekye 0-0: Called Strike
Tomokazu Sugimoto steals 2nd base
0-1: Ball
1-1: Called Strike
1-2: Ball
2-2: Ball
3-2: Strikes out looking
Bottom of the 4th over - 0 runs, 0 hits, 0 errors, 1 left on base; Los Angeles (NYP) 1 - Everett 4
TOP OF THE 5TH
Los Angeles (NYP) Angels batting - Pitching for Everett AquaSox : RHP Trevor Jacobsen
Batting: RHB Phil Knox 0-0: Ball
1-0: Called Strike
1-1: Swinging Strike
1-2: Ball
2-2: SINGLE (Groundball, 6MD, EV 109.4 MPH)
Batting: RHB David Rhodes 0-0: Called Strike
0-1: Grounds into double play, 4-6-3 (Groundball, 34S, EV 86.2 MPH)
Batting: RHB Ron Major 0-0: Ball
1-0: Called Strike
1-1: Fly out, F9 (Flyball, 9D, EV 106.9 MPH)
Top of the 5th over - 0 runs, 1 hit, 0 errors, 0 left on base; Los Angeles (NYP) 1 - Everett 4
BOTTOM OF THE 5TH
Everett AquaSox batting - Pitching for Los Angeles (NYP) Angels : RHP Tim Mumpower
Pitching: RHP Adam Hefner
Batting: RHB Chris Skaff 0-0: Swinging Strike
0-1: Foul Ball, location: 2F
0-2: Ball
1-2: Fly out, F9 (Flyball, 89M, EV 83.1 MPH)
Batting: LHB Chris Jackson 0-0: Called Strike
0-1: SOLO HOME RUN (Flyball, 9LD, EV 92.5 MPH), Distance : 338 ft
Batting: RHB Eddie Luna 0-0: Foul Ball, location: 2F
0-1: Foul Ball, location: 2F
0-2: Ball
1-2: Strikes out swinging
Batting: LHB Ryan Daniels 0-0: Ball
1-0: Called Strike
1-1: Ball
2-1: Swinging Strike
2-2: Ball
3-2: Strikes out swinging
Bottom of the 5th over - 1 run, 1 hit, 0 errors, 0 left on base; Los Angeles (NYP) 1 - Everett 5
TOP OF THE 6TH
Los Angeles (NYP) Angels batting - Pitching for Everett AquaSox : RHP Trevor Jacobsen
Batting: RHB T.J. Gray 0-0: Ball
1-0: Ball
2-0: Ground out 5-3 (Groundball, 56, EV 108.8 MPH)
Batting: LHB Mutsuo IIda 0-0: Swinging Strike
0-1: Swinging Strike
0-2: Ball
1-2: Strikes out swinging
Batting: RHB Juan Montez 0-0: Foul Ball, location: 2F
0-1: Ball
1-1: Swinging Strike
1-2: Ball
2-2: Foul Ball, location: 2F
2-2: Ball
3-2: Fly out, F8 (Flyball, 8LD, EV 95.0 MPH)
Top of the 6th over - 0 runs, 0 hits, 0 errors, 0 left on base; Los Angeles (NYP) 1 - Everett 5
BOTTOM OF THE 6TH
Everett AquaSox batting - Pitching for Los Angeles (NYP) Angels : RHP Adam Hefner
Batting: SHB Tony Morales 0-0: Ball
1-0: Swinging Strike
1-1: Swinging Strike
1-2: Ball
2-2: Ground out 4-3 (Groundball, 4, EV 101.2 MPH)
Batting: RHB Richie Schraven 0-0: Ground out U3 (Groundball, 34, EV 96.2 MPH)
Batting: RHB Josh Carpenter 0-0: Ball
1-0: Called Strike
1-1: Called Strike
1-2: Fly out, F8 (Flyball, 8RD, EV 92.5 MPH)
Bottom of the 6th over - 0 runs, 0 hits, 0 errors, 0 left on base; Los Angeles (NYP) 1 - Everett 5
TOP OF THE 7TH
Los Angeles (NYP) Angels batting - Pitching for Everett AquaSox : RHP Trevor Jacobsen
Batting: LHB Matthew Bale 0-0: Ball
1-0: Ball
2-0: Ball
3-0: Foul Ball, location: 2F
3-1: Fly out, F7 (Flyball, 7D, EV 89.4 MPH)
Pitching: RHP Ke-yong Khoo
Batting: RHB Dean LeCroy 0-0: Swinging Strike
0-1: Called Strike
0-2: Ball
1-2: Ground out 6-3 (Groundball, 6, EV 87.5 MPH)
Batting: RHB Wilford Harper 0-0: Ball
1-0: Ball
2-0: Ball
3-0: Base on Balls
Batting: RHB Phil Knox 0-0: Called Strike
0-1: Swinging Strike
0-2: Foul Ball, location: 2F
0-2: Ball
1-2: Foul Ball, location: 2F
1-2: Strikes out swinging
Top of the 7th over - 0 runs, 0 hits, 0 errors, 1 left on base; Los Angeles (NYP) 1 - Everett 5
BOTTOM OF THE 7TH
Everett AquaSox batting - Pitching for Los Angeles (NYP) Angels : RHP Adam Hefner
Batting: RHB Tomokazu Sugimoto 0-0: Ball
1-0: Called Strike
1-1: Foul Ball, location: 2F
1-2: Strikes out swinging
Batting: LHB Addisu Nyamekye 0-0: Ball
1-0: Called Strike
1-1: Ball
2-1: Ball
3-1: Fly out, F6 (Popup, 6D, EV 59.4 MPH)
Batting: RHB Chris Skaff 0-0: Foul Ball, location: 2F
0-1: Called Strike
0-2: TRIPLE (Flyball, 8LXD, EV 88.1 MPH)
Pitching: RHP Cal Abbott
Batting: LHB Chris Jackson 0-0: Fly out, F7 (Line Drive, 7LS, EV 95.0 MPH)
Bottom of the 7th over - 0 runs, 1 hit, 0 errors, 1 left on base; Los Angeles (NYP) 1 - Everett 5
TOP OF THE 8TH
Los Angeles (NYP) Angels batting - Pitching for Everett AquaSox : RHP Ke-yong Khoo
Batting: RHB David Rhodes 0-0: Ball
1-0: Ball
2-0: Foul Ball, location: 2F
2-1: Ball
3-1: Base on Balls
Pitching: LHP Ed Gilroy
Batting: RHB Ron Major 0-0: Fly out, F8 (Flyball, 8RD, EV 100.6 MPH)
Batting: RHB T.J. Gray 0-0: Called Strike
0-1: Foul Ball, location: 2F
0-2: Ball
1-2: Ball
2-2: Ball
3-2: Grounds into double play, 5-4-3 (Groundball, 56S, EV 93.1 MPH)
Top of the 8th over - 0 runs, 0 hits, 0 errors, 0 left on base; Los Angeles (NYP) 1 - Everett 5
BOTTOM OF THE 8TH
Everett AquaSox batting - Pitching for Los Angeles (NYP) Angels : RHP Cal Abbott
Batting: RHB Eddie Luna 0-0: Ball
1-0: Called Strike
1-1: Ball
2-1: Foul Ball, location: 2F
2-2: Ball
3-2: Strikes out swinging
Batting: LHB Ryan Daniels 0-0: Called Strike
0-1: Ball
1-1: Called Strike
1-2: Foul Ball, location: 2F
1-2: Foul Ball, location: 2F
1-2: Strikes out looking
Batting: SHB Tony Morales 0-0: Ball
1-0: Fly out, F8 (Flyball, 8LS, EV 89.4 MPH)
Bottom of the 8th over - 0 runs, 0 hits, 0 errors, 0 left on base; Los Angeles (NYP) 1 - Everett 5
TOP OF THE 9TH
Los Angeles (NYP) Angels batting - Pitching for Everett AquaSox : LHP Ed Gilroy
Pitching: RHP Eduardo Arlarcon
Batting: LHB Mutsuo IIda 0-0: Ball
1-0: Called Strike
1-1: Ball
2-1: Ball
3-1: Base on Balls
Batting: RHB Juan Montez 0-0: Ball
1-0: Foul Ball, location: 2F
1-1: Foul Ball, location: 2F
1-2: Strikes out swinging
Batting: LHB Matthew Bale 0-0: Ball
1-0: Foul Ball, location: 2F
1-1: Ball
2-1: Ball
3-1: SINGLE (Groundball, 34D, EV 96.9 MPH)
Mutsuo IIda to second
Batting: RHB Dean LeCroy 0-0: Ball
1-0: Foul Ball, location: 2F
1-1: Fly out, F8 (Flyball, 8LS, EV 74.4 MPH)
Batting: RHB Wilford Harper 0-0: Ball
1-0: SINGLE (Line Drive, 78M, EV 105.0 MPH)
Mutsuo IIda to third
Matthew Bale to second
Batting: RHB Phil Knox 0-0: Swinging Strike
0-1: Ball
1-1: Ball
2-1: Ball
3-1: Base on Balls
Mutsuo IIda scores
Matthew Bale to third
Wilford Harper to second
Pinch Hitting: LHB Mario Anguiano 0-0: Ball
1-0: Ball
2-0: DOUBLE (Groundball, 3L, EV 96.2 MPH)
Matthew Bale scores
Wilford Harper scores
Phil Knox to third
Runner from 3rd tries for Home, SAFE, throw by RF to trailing runner, SAFE at third!
Pitching: RHP Aaron Black
Pinch Hitting: LHB Spencer Palmer 0-0: Ground out 4-3 (Groundball, 4, EV 87.5 MPH)
Top of the 9th over - 4 runs, 3 hits, 0 errors, 1 left on base; Los Angeles (NYP) 5 - Everett 5
BOTTOM OF THE 9TH
Everett AquaSox batting - Pitching for Los Angeles (NYP) Angels : RHP Cal Abbott
Now at 1B: Mario Anguiano
Now at 3B: Spencer Palmer
Pinch Hitting: SHB George Marshall 0-0: Ball
1-0: Called Strike
1-1: Ball
2-1: Swinging Strike
2-2: Fly out, F7 (Flyball, 7LSF, EV 85.0 MPH)
Pinch Hitting: RHB Kinzo Yokoyama 0-0: Ball
1-0: Ball
2-0: Swinging Strike
2-1: Foul Ball, location: 2F
2-2: Foul Ball, location: 2F
2-2: SINGLE (Groundball, 4MD, EV 101.2 MPH)
Batting: RHB Tomokazu Sugimoto 0-0: Ball
1-0: Called Strike
1-1: Ball
2-1: Ball
Wild Pitch!
Kinzo Yokoyama to second
3-1: SINGLE (Line Drive, 34D, EV 96.2 MPH)
Kinzo Yokoyama to third
Batting: LHB Addisu Nyamekye 0-0: Called Strike
Tomokazu Sugimoto steals 2nd base (no throw)
0-1: Ball
1-1: Intentional Walk
Pitching: RHP Troy Ingram
Batting: RHB Chris Skaff 0-0: Called Strike
0-1: Grounds into double play, 4-2-3 (Groundball, 4, EV 106.9 MPH)
Bottom of the 9th over - 0 runs, 2 hits, 0 errors, 2 left on base; Los Angeles (NYP) 5 - Everett 5
TOP OF THE 10TH
Los Angeles (NYP) Angels batting - Pitching for Everett AquaSox : RHP Aaron Black
Now at 3B: Robby Adair
Now in CF: Kinzo Yokoyama
Batting: RHB T.J. Gray 0-0: Called Strike
0-1: Swinging Strike
0-2: Strikes out looking
Batting: LHB Mutsuo IIda 0-0: Ball
1-0: Swinging Strike
1-1: Swinging Strike
1-2: Strikes out swinging
Batting: RHB Juan Montez 0-0: Called Strike
0-1: Ball
1-1: Ball
2-1: Swinging Strike
2-2: Strikes out swinging
Top of the 10th over - 0 runs, 0 hits, 0 errors, 0 left on base; Los Angeles (NYP) 5 - Everett 5
BOTTOM OF THE 10TH
Everett AquaSox batting - Pitching for Los Angeles (NYP) Angels : RHP Troy Ingram
Batting: LHB Chris Jackson 0-0: Called Strike
0-1: Swinging Strike
0-2: Strikes out looking
Batting: RHB Eddie Luna 0-0: Ball
1-0: Ball
2-0: Ball
3-0: Called Strike
3-1: Foul Ball, location: 2F
3-2: Base on Balls
Batting: LHB Ryan Daniels 0-0: Called Strike
Eddie Luna steals 2nd base
0-1: Foul Ball, location: 2F
0-2: Ball
1-2: Ball
2-2: Foul Ball, location: 2F
2-2: Foul Ball, location: 2F
2-2: Strikes out looking
Batting: SHB Tony Morales 0-0: Ball
1-0: Called Strike
1-1: Swinging Strike
1-2: Foul Ball, location: 2F
1-2: Ball
2-2: Strikes out looking
Bottom of the 10th over - 0 runs, 0 hits, 0 errors, 1 left on base; Los Angeles (NYP) 5 - Everett 5
TOP OF THE 11TH
Los Angeles (NYP) Angels batting - Pitching for Everett AquaSox : RHP Aaron Black
Batting: LHB Matthew Bale 0-0: Called Strike
0-1: Swinging Strike
0-2: Ball
1-2: Foul Ball, location: 2F
1-2: Ball
2-2: SINGLE (Line Drive, 56D, EV 109.4 MPH)
Batting: RHB Dean LeCroy 0-0: Swinging Strike
0-1: Swinging Strike
0-2: Ball
1-2: Ball
2-2: Ball
3-2: Foul Ball, location: 2F
3-2: Foul Ball, location: 2F
3-2: TRIPLE (Line Drive, 78XD, EV 110.6 MPH)
Matthew Bale scores
Batting: RHB Wilford Harper 0-0: Called Strike
0-1: Ball
1-1: Swinging Strike
1-2: Ball
2-2: Ball
3-2: DOUBLE (Groundball, 3D, EV 98.8 MPH)
Dean LeCroy scores
Pitching: RHP In Bea
Batting: RHB Phil Knox 0-0: Ball
1-0: Ball
2-0: Ground out 5-3 (Groundball, 56, EV 85.0 MPH)
Batting: LHB Mario Anguiano 0-0: Called Strike
0-1: Ball
1-1: TRIPLE (Groundball, 3L, EV 106.9 MPH)
Wilford Harper scores
Batting: LHB Spencer Palmer 0-0: Ground out 6-3 (Groundball, 6S, EV 87.5 MPH)
Mario Anguiano scores
Batting: RHB T.J. Gray 0-0: Ball
1-0: Ball
2-0: Called Strike
2-1: Ball
3-1: Base on Balls
Batting: LHB Mutsuo IIda 0-0: Called Strike
T.J. Gray is caught stealing 2nd base 2-6
Top of the 11th over - 4 runs, 4 hits, 0 errors, 0 left on base; Los Angeles (NYP) 9 - Everett 5
BOTTOM OF THE 11TH
Everett AquaSox batting - Pitching for Los Angeles (NYP) Angels : RHP Troy Ingram
Pitching: RHP Cody Colburn
Batting: RHB Robby Adair 0-0: Fly out, F8 (Flyball, 89D, EV 88.8 MPH)
Batting: RHB Kinzo Yokoyama 0-0: Foul Ball, location: 2F
0-1: Swinging Strike
0-2: Foul Ball, location: 2F
0-2: Ball
1-2: Ball
2-2: Ball
3-2: Ground out 4-3 (Groundball, 4S, EV 75.0 MPH)
Batting: RHB Tomokazu Sugimoto 0-0: Ball
1-0: Ball
2-0: Ball
3-0: Called Strike
3-1: Base on Balls
Batting: LHB Addisu Nyamekye 0-0: Called Strike
0-1: Ball
1-1: Ball
Wild Pitch!
Tomokazu Sugimoto to second
2-1: Ball
3-1: Base on Balls
Batting: RHB Chris Skaff 0-0: Foul Ball, location: 2F
0-1: Ball
Wild Pitch!
Tomokazu Sugimoto to third
Addisu Nyamekye to second
1-1: Ball
Wild Pitch!
Tomokazu Sugimoto scores
Addisu Nyamekye to third
2-1: Called Strike
2-2: Ball
3-2: Strikes out swinging
Bottom of the 11th over - 1 run, 0 hits, 0 errors, 1 left on base; Los Angeles (NYP) 9 - Everett 6
Thursday, December 15th , 2022 - OOTP Baseball 23.9 Build 102